 Dungeon Crawl Stone Soup version 0.27-a0-909-g0721f309d1 (webtiles) character file.

Game seed: 1184526272834254434

50 robertstho the Chiller (level 3, -5/25 (26) HPs)
             Began as a Demigod Ice Elementalist on Apr 8, 2021.
             Slain by a necrophage (7 damage)
             ... on level 2 of the Dungeon.
             The game lasted 00:02:48 (2219 turns).

robertstho the Chiller (Demigod Ice Elementalist)   Turns: 2219, Time: 00:02:49

HP:   -5/25 (26)    AC:  2    Str:  9    XL:     3   Next: 35%
MP:   9/9           EV: 12    Int: 21    God:
Gold: 49            SH:  0    Dex: 14    Spells: 2/6 levels left

rFire    + + .     SeeInvis .   e - +1 short sword
rCold    + . .     Faith    .   (no shield)
rNeg     . . .     Spirit   .   a - +0 robe
rPois    +         Reflect  .   (no helmet)
rElec    +         Harm     .   (no cloak)
rCorr    +         Rampage  .   (no gloves)
Will     .....                  (no boots)
Stlth    ++........             (no amulet)
HPRegen  0.08/turn              h - ring of protection from fire
MPRegen  0.11/turn              (no ring)

@: resistant, attractive, flying, lightly drained
A: high mp 1, forlorn
a: no special abilities


You were on level 2 of the Dungeon.
You visited 1 branch of the dungeon, and saw 2 of its levels.

You collected 49 gold pieces.

Inventory:

Hand Weapons
 e - a +1 short sword (weapon)
Armour
 a - a +0 robe (worn)
Jewellery
 h - a ring of protection from fire (left hand)
Scrolls
 i - a scroll of enchant weapon
 j - a scroll of noise


   Skills:
 + Level 0.3 Fighting
 + Level 0.2 Short Blades
 + Level 1.8 Dodging
 + Level 2.1 Stealth
 + Level 0.1 Unarmed Combat
 * Level 2.3 Spellcasting
 * Level 4.1 Ice Magic


You had 2 spell levels left.
You knew the following spells:

 Your Spells              Type           Power      Damage    Failure   Level
a - Freeze                Ice            80%        1d9       2%          1
b - Frozen Ramparts       Ice            40%        1d6       8%          3

Your spell library contained the following spells:

 Spells                   Type           Power      Damage    Failure   Level
 Ozocubu's Armour         Ice            20%        N/A       8%          3
 Hailstorm                Conj/Ice       11%        3d5       52%         4
 Summon Ice Beast         Ice/Summ       11%        N/A       52%         4


Dungeon Overview and Level Annotations

Branches:
Dungeon (2/15)


Innate Abilities, Weirdness & Mutations

Your attributes grow dramatically as you level up.
You have an increased reservoir of magic. (+10% MP)
You shall have no god before yourself.


Message History

The necrophage hits you.
You hit the necrophage but do no damage.
The necrophage is lightly damaged.
The necrophage hits you.
You closely miss the necrophage.
The necrophage is lightly damaged.
The necrophage hits you.
You are too injured to fight recklessly!
As you read the scroll labelled ERITEI YTHRA, it crumbles to dust.
You assume a fearsome visage.
The necrophage is unaffected.
It was a scroll of fear.
The necrophage hits you.
* * * LOW HITPOINT WARNING * * *
Okay, then.
As you read the scroll labelled NAPOUT SUKIK, it crumbles to dust.
It is a scroll of enchant weapon.
Your +0 short sword glows red for a moment.
The necrophage barely misses you.
It was a potion of attraction.
You feel attractive to monsters. The necrophage hits you.
* * * LOW HITPOINT WARNING * * *
It was a potion of resistance.
You feel protected. The necrophage barely misses you.
It was a potion of flight.
You feel very buoyant.
You fly up into the air.
The necrophage barely misses you. The necrophage hits you.
* * * LOW HITPOINT WARNING * * *
As you read the scroll of fear, it crumbles to dust.
You assume a fearsome visage.
The necrophage is unaffected.
The necrophage barely misses you.
As you read the scroll labelled KIYR JEAVOO, it crumbles to dust.
The scroll dissolves into smoke.
It was a scroll of fog.
The necrophage closely misses you.
As you read the scroll labelled KOCEPLIELI, it crumbles to dust.
It is a scroll of identify.
j - a scroll of noise The necrophage hits you!
You die...

#.# #.# ##############
#.# .............. #.#
..####.######### #.#
.(..##.# #.# #.###
....##.#######.# #...#
._..##........§#####.#
....##########§§@n§..#
...[# ######### ....#
....# ....# ....#
....# ....# #####


You could see a necrophage.

Vanquished Creatures
  An adder (D:2)
  A worm (D:2)
  3 endoplasms (D:1)
  A giant cockroach (D:2)
  3 goblins (D:2)
  3 hobgoblins
  4 jackals (D:2)
  2 kobolds (D:1)
  2 quokkas
  6 ball pythons
  2 bats (D:2)
  A frilled lizard (D:2)
  6 rats
35 creatures vanquished.

Notes
Turn   | Place    | Note
-------+----------+-------------------------------------------
     0 | D:1      | robertstho the Demigod Ice Elementalist began the quest for
                  | the Orb.
     0 | D:1      | Reached XP level 1. HP: 14/14 MP: 5/5
   585 | D:1      | Reached XP level 2. HP: 16/20 MP: 0/7
  1041 | D:1      | Reached skill level 4 in Ice Magic
  1395 | D:2      | Reached XP level 3. HP: 12/26 MP: 5/9
  1399 | D:2      | Learned a level 3 spell: Frozen Ramparts
  2197 | D:2      | Noticed a necrophage
  2219 | D:2      | Slain by a necrophage

Illustrated notes

Levels and vault maps discovered:
D:1:      mrwooster_arrival_statue, layout_loops_cross,
          shapermc_ecumenical_altar_hornbeckon
D:2:      layout_basic, basic_altar, minivault_14

Skill      XL: |  1  2 |
---------------+-------+-----
Spellcasting   | 2 |  2.3
Stealth        | 2 |  2.1
Ice Magic      | 4 |  4.1
Fighting       | |  0.3
Short Blades   | |  0.2
Dodging        | |  1.8
Unarmed Combat | |  0.1

Action                   || total
-------------------------++-------
Melee: Unarmed           ||    19
       Short sword       ||    60
 Cast: Freeze            ||    33
  Use: Scroll            ||     5
       Potion            ||     3
 Stab: Sleeping          ||     5
Armor: Robe              ||     7
Dodge: Dodged            ||    70

Table legend: (Time is in decaauts)
 A = Elapsed time spent in this place.
 B = Non-inter-level travel time spent in this place.
 C = Inter-level travel time spent in this place.
 D = Time resting spent in this place.
 E = Time spent auto-exploring this place.
 F = Levels seen in this place.
 G = Mean time per level.
                   A        B        C        D        E       F      G
               +--------+--------+--------+--------+--------+-----+--------+
         Total |   2232 |   2198 |     34 |    250 |   1673 |   2 | 1116.0 |
       Dungeon |   2232 |   2198 |     34 |    250 |   1673 |   2 | 1116.0 |
               +--------+--------+--------+--------+--------+-----+--------+

Top non-repeatable levels by time:
     D:1: 1255 daAuts
     D:2: 977 daAuts
